TOP OF THE 1ST |
---|
Scottsdale Scorpions batting - Pitching for Montgomery Grey Sox : LHP Pete Shirley | Pitching: LHP Pete Shirley | | Batting: LHB Ernesto Hernández | 0-0: Called Strike 0-1: Ball 1-1: Hit by Pitch | Batting: RHB Steve Boyer | 0-0: Called Strike 0-1: Fly out, F3 (Popup, 34S) | Batting: SHB Arnold Moore | 0-0: Ball 1-0: Ball Ernesto Hernández steals 2nd base 2-0: Called Strike 2-1: 2-RUN HOME RUN (Flyball, 7LD), Distance : 368 ft | Batting: RHB Alan Evans | 0-0: Called Strike 0-1: Ball 1-1: Called Strike 1-2: Foul Ball, location: 2F 1-2: Foul Ball, location: 2F 1-2: Strikes out looking | Batting: LHB Pedro Díaz | 0-0: Ball 1-0: Swinging Strike 1-1: Foul Ball, location: 2F 1-2: Ball 2-2: Foul Ball, location: 2F 2-2: TRIPLE (Flyball, 78XD) | Batting: LHB Clayton Bailey | 0-0: Called Strike 0-1: Ball 1-1: Swinging Strike 1-2: Ball 2-2: Foul Ball, location: 2F 2-2: Foul Ball, location: 2F 2-2: Foul Ball, location: 2F 2-2: Foul Ball, location: 2F 2-2: Fly out, F3 (Flyball, 34D) | Top of the 1st over - 2 runs, 2 hits, 0 errors, 1 left on base; Scottsdale 2 - Montgomery 0 | BOTTOM OF THE 1ST |
---|
Montgomery Grey Sox batting - Pitching for Scottsdale Scorpions : LHP António Rodríguez | Pitching: LHP António Rodríguez | | Batting: LHB Salvador López | 0-0: Ball 1-0: Foul Ball, location: 2F 1-1: Swinging Strike 1-2: Ball 2-2: Strikes out swinging | Batting: RHB Mike Cleveland | 0-0: Ball 1-0: Swinging Strike 1-1: Swinging Strike 1-2: Strikes out swinging | Batting: RHB Pedro Castro | 0-0: Ball 1-0: Foul Ball, location: 2F 1-1: Foul Ball, location: 2F 1-2: Ball 2-2: Strikes out swinging | Bottom of the 1st over - 0 runs, 0 hits, 0 errors, 0 left on base; Scottsdale 2 - Montgomery 0 | TOP OF THE 2ND |
---|
Scottsdale Scorpions batting - Pitching for Montgomery Grey Sox : LHP Pete Shirley | Batting: RHB José Méndez | 0-0: Ball 1-0: Ball 2-0: Ball 3-0: Called Strike 3-1: Base on Balls | Batting: RHB Ronald Smith | 0-0: Ball 1-0: Ball 2-0: Called Strike 2-1: Ground out 5-3 (Groundball, 56S) José Méndez to second | Batting: LHB Tony Ayala | 0-0: Foul Ball, location: 2F 0-1: Foul Ball, location: 2F 0-2: Fly out, F9 (Flyball, 9LS) | Batting: LHB Ernesto Hernández | 0-0: Called Strike 0-1: Ball 1-1: Ball 2-1: Swinging Strike 2-2: Strikes out swinging | Top of the 2nd over - 0 runs, 0 hits, 0 errors, 1 left on base; Scottsdale 2 - Montgomery 0 | BOTTOM OF THE 2ND |
---|
Montgomery Grey Sox batting - Pitching for Scottsdale Scorpions : LHP António Rodríguez | Batting: RHB Glen MacDonald | 0-0: Foul Ball, location: 2F 0-1: Swinging Strike 0-2: Ball 1-2: Foul Ball, location: 2F 1-2: Foul Ball, location: 2F 1-2: Ball 2-2: Foul Ball, location: 2F 2-2: SOLO HOME RUN (Flyball, 7LD), Distance : 364 ft | Batting: LHB Aaron Thompson | 0-0: Called Strike 0-1: Foul Ball, location: 2F 0-2: Ball 1-2: Strikes out swinging | Batting: RHB Bobby Hulsey | 0-0: Called Strike 0-1: Ball 1-1: Foul Ball, location: 2F 1-2: Strikes out looking | Batting: LHB Francisco Romo | 0-0: Called Strike 0-1: Ground out U3 (Groundball, 34S) | Bottom of the 2nd over - 1 run, 1 hit, 0 errors, 0 left on base; Scottsdale 2 - Montgomery 1 | TOP OF THE 3RD |
---|
Scottsdale Scorpions batting - Pitching for Montgomery Grey Sox : LHP Pete Shirley | Batting: RHB Steve Boyer | 0-0: Ball 1-0: Ball 2-0: Swinging Strike 2-1: Foul Ball, location: 2F 2-2: Fly out, F8 (Flyball, 78S) | Batting: SHB Arnold Moore | 0-0: Ball 1-0: Foul Ball, location: 2F 1-1: Foul Ball, location: 2F 1-2: Fly out, F6 (Line Drive, 6M) | Batting: RHB Alan Evans | 0-0: Ball 1-0: Foul Ball, location: 2F 1-1: SINGLE (Line Drive, 4MD) | Batting: LHB Pedro Díaz | 0-0: Called Strike 0-1: Ball 1-1: Swinging Strike 1-2: DOUBLE (Flyball, 9D) Alan Evans to third Runner from 3rd tries for Home, SAFE, throw made at trailing runner, OUT at third! | Top of the 3rd over - 1 run, 2 hits, 0 errors, 0 left on base; Scottsdale 3 - Montgomery 1 | BOTTOM OF THE 3RD |
---|
Montgomery Grey Sox batting - Pitching for Scottsdale Scorpions : LHP António Rodríguez | Batting: RHB António Nevárez | 0-0: Foul Ball, location: 2F 0-1: Ball 1-1: Ball 2-1: Ball 3-1: SINGLE (Groundball, 56D) | Batting: LHB Amlak Saitoti | 0-0: Called Strike 0-1: Foul Ball, location: 2F 0-2: Strikes out looking | Batting: LHB Salvador López | 0-0: Foul Ball, location: 2F 0-1: Fly out, F9 (Flyball, 89D) | Batting: RHB Mike Cleveland | 0-0: Foul Ball, location: 2F 0-1: Ball 1-1: SINGLE (Groundball, 4D) António Nevárez to second Runner from 2nd tries for 3rd, SAFE, no throw | Batting: RHB Pedro Castro | 0-0: SINGLE (Flyball, 78S) António Nevárez scores Mike Cleveland to second | Batting: RHB Glen MacDonald | 0-0: Ball 1-0: Foul Ball, location: 2F 1-1: Ball 2-1: Ball 3-1: Base on Balls Mike Cleveland to third Pedro Castro to second | Batting: LHB Aaron Thompson | 0-0: Ball 1-0: Foul Ball, location: 2F 1-1: Foul Ball, location: 2F Balk! Mike Cleveland scores Pedro Castro to third Glen MacDonald to second 1-2: Ball 2-2: Foul Ball, location: 2F 2-2: Ball 3-2: Base on Balls | Pitching: RHP Rick Díaz | | Batting: RHB Bobby Hulsey | 0-0: Foul Ball, location: 2F 0-1: Called Strike 0-2: Ball 1-2: Foul Ball, location: 2F 1-2: Ball 2-2: Ball 3-2: Foul Ball, location: 2F 3-2: Foul Ball, location: 2F 3-2: Ground out 5-3 (Groundball, 56) | Bottom of the 3rd over - 2 runs, 3 hits, 0 errors, 3 left on base; Scottsdale 3 - Montgomery 3 | TOP OF THE 4TH |
---|
Scottsdale Scorpions batting - Pitching for Montgomery Grey Sox : LHP Pete Shirley | Batting: LHB Clayton Bailey | 0-0: Called Strike 0-1: SOLO HOME RUN (Flyball, 9LD), Distance : 373 ft | Batting: RHB José Méndez | 0-0: Ball 1-0: Ball 2-0: Foul Ball, location: 2F 2-1: Ground out 1-3 (Groundball, 13) | Batting: RHB Ronald Smith | 0-0: Ball 1-0: Ground out 4-3 (Groundball, 4) | Batting: LHB Tony Ayala | 0-0: Ball 1-0: Foul Ball, location: 2F 1-1: Swinging Strike 1-2: Ball 2-2: Ball 3-2: SOLO HOME RUN (Flyball, 8LXD), Distance : 415 ft | Batting: LHB Ernesto Hernández | 0-0: Ball 1-0: Foul Ball, location: 2F 1-1: Ground out 4-3 (Groundball, 4M) | Top of the 4th over - 2 runs, 2 hits, 0 errors, 0 left on base; Scottsdale 5 - Montgomery 3 | BOTTOM OF THE 4TH |
---|
Montgomery Grey Sox batting - Pitching for Scottsdale Scorpions : RHP Rick Díaz | Batting: LHB Francisco Romo | 0-0: Called Strike 0-1: Called Strike 0-2: Ground out 3-1 (Groundball, 34) | Batting: RHB António Nevárez | 0-0: Called Strike 0-1: Swinging Strike 0-2: Ball 1-2: SINGLE (Groundball, 34S) (infield hit) | Batting: LHB Amlak Saitoti | 0-0: Called Strike 0-1: Foul Ball, location: 2F 0-2: Ball 1-2: Fly out, F4 (Popup, 4MD) | Batting: LHB Salvador López | 0-0: Ball 1-0: Swinging Strike 1-1: Foul Ball, location: 2F 1-2: SINGLE (Line Drive, 9S) António Nevárez to second | Batting: RHB Mike Cleveland | 0-0: Swinging Strike 0-1: Swinging Strike 0-2: Foul Ball, location: 2F 0-2: Ball 1-2: Foul Ball, location: 2F 1-2: Foul Ball, location: 2F 1-2: Ground out 6-3 (Groundball, 6MS) | Bottom of the 4th over - 0 runs, 2 hits, 0 errors, 2 left on base; Scottsdale 5 - Montgomery 3 | TOP OF THE 5TH |
---|
Scottsdale Scorpions batting - Pitching for Montgomery Grey Sox : LHP Pete Shirley | Batting: RHB Steve Boyer | 0-0: Fly out, F8 (Flyball, 8RM) | Batting: SHB Arnold Moore | 0-0: Called Strike 0-1: Ball 1-1: Called Strike 1-2: Foul Ball, location: 2F 1-2: Foul Ball, location: 2F 1-2: Ground out 6-3 (Groundball, 56) | Batting: RHB Alan Evans | 0-0: Called Strike 0-1: Ball 1-1: Called Strike 1-2: Ball 2-2: Foul Ball, location: 2F 2-2: Fly out, F5 (Line Drive, 5) | Top of the 5th over - 0 runs, 0 hits, 0 errors, 0 left on base; Scottsdale 5 - Montgomery 3 | BOTTOM OF THE 5TH |
---|
Montgomery Grey Sox batting - Pitching for Scottsdale Scorpions : RHP Rick Díaz | Batting: RHB Pedro Castro | 0-0: Ball 1-0: Ball 2-0: Ball 3-0: Called Strike 3-1: Base on Balls | Batting: RHB Glen MacDonald | 0-0: Called Strike 0-1: Foul Ball, location: 2F 0-2: Ball 1-2: Ball 2-2: Fly out, F9 (Flyball, 9) | Batting: LHB Aaron Thompson | 0-0: Called Strike 0-1: Ball 1-1: Foul Ball, location: 2F 1-2: Ball 2-2: Foul Ball, location: 2F 2-2: Ball 3-2: Base on Balls Pedro Castro to second | Pitching: RHP Julian Corbitt | | Batting: RHB Bobby Hulsey | 0-0: Ball 1-0: Swinging Strike 1-1: Ball 2-1: Ball 3-1: Swinging Strike 3-2: SINGLE (Line Drive, 7S) Pedro Castro to third Aaron Thompson to second Runner from 3rd tries for Home, SAFE, no throw | Batting: LHB Francisco Romo | 0-0: Ball 1-0: Foul Ball, location: 2F 1-1: Foul Ball, location: 2F 1-2: Ball 2-2: Ball 3-2: Strikes out swinging Throwing error on steal attempt, E2 Aaron Thompson scores Bobby Hulsey to third | Batting: RHB António Nevárez | 0-0: Ball 1-0: Ball 2-0: Ball 3-0: Called Strike 3-1: Swinging Strike 3-2: Base on Balls | Batting: LHB Amlak Saitoti | 0-0: Foul Ball, location: 2F 0-1: Ball 1-1: Ball 2-1: Ball 3-1: Base on Balls António Nevárez to second | Batting: LHB Salvador López | 0-0: Foul Ball, location: 2F 0-1: Ball 1-1: SINGLE (Groundball, 3D) Bobby Hulsey scores António Nevárez to third Amlak Saitoti to second Runner from 3rd tries for Home, SAFE, no throw | Batting: RHB Mike Cleveland | 0-0: Ball 1-0: Ball 2-0: Ball 3-0: Ground out 5-3 (Groundball, 56S) | Bottom of the 5th over - 4 runs, 2 hits, 1 error, 2 left on base; Scottsdale 5 - Montgomery 7 | TOP OF THE 6TH |
---|
Scottsdale Scorpions batting - Pitching for Montgomery Grey Sox : LHP Pete Shirley | Pitching: RHP Jorge Cherena | | Batting: LHB Pedro Díaz | 0-0: Called Strike 0-1: Fly out, F3 (Line Drive, 3S) | Batting: LHB Clayton Bailey | 0-0: Foul Ball, location: 2F 0-1: SINGLE (Groundball, 6S) (infield hit) | Batting: RHB José Méndez | 0-0: Called Strike 0-1: Swinging Strike 0-2: Strikes out looking | Batting: RHB Ronald Smith | 0-0: Called Strike 0-1: Called Strike 0-2: Strikes out swinging | Top of the 6th over - 0 runs, 1 hit, 0 errors, 1 left on base; Scottsdale 5 - Montgomery 7 | BOTTOM OF THE 6TH |
---|
Montgomery Grey Sox batting - Pitching for Scottsdale Scorpions : RHP Julian Corbitt | Pitching: RHP Julián García | | Batting: RHB Pedro Castro | 0-0: Ball 1-0: Called Strike 1-1: Ball 2-1: Ball 3-1: Base on Balls | Batting: RHB Glen MacDonald | 0-0: Swinging Strike 0-1: Called Strike 0-2: Ball Passed Ball! Pedro Castro to second 1-2: Ball 2-2: Ball 3-2: Intentional Walk | Batting: LHB Aaron Thompson | 0-0: Ball 1-0: Ball 2-0: Ball 3-0: Base on Balls Pedro Castro to third Glen MacDonald to second | Batting: RHB Bobby Hulsey | 0-0: Called Strike 0-1: Ball 1-1: Foul Ball, location: 2F 1-2: Strikes out swinging | Batting: LHB Francisco Romo | 0-0: Ball 1-0: Swinging Strike 1-1: Called Strike 1-2: Ball 2-2: Fly out, F9 (Flyball, 9) Runner from 3rd tags up, SCORES, throw made | Batting: RHB António Nevárez | 0-0: Called Strike 0-1: Foul Ball, location: 2F 0-2: Ball 1-2: Ball 2-2: Ball 3-2: Fly out, F6 (Line Drive, 56) | Bottom of the 6th over - 1 run, 0 hits, 0 errors, 2 left on base; Scottsdale 5 - Montgomery 8 | TOP OF THE 7TH |
---|
Scottsdale Scorpions batting - Pitching for Montgomery Grey Sox : RHP Jorge Cherena | Batting: LHB Tony Ayala | 0-0: Called Strike 0-1: Ball 1-1: Ball 2-1: Foul Ball, location: 2F 2-2: Ball 3-2: DOUBLE (Groundball, 5L) | Batting: LHB Ernesto Hernández | 0-0: Foul Ball, location: 2F 0-1: Ball 1-1: Ball 2-1: Foul Ball, location: 2F 2-2: SINGLE (Groundball, 34D) Tony Ayala to third | Batting: RHB Steve Boyer | 0-0: Called Strike 0-1: Ball 1-1: Ball 2-1: Ball 3-1: Base on Balls Ernesto Hernández to second | Batting: SHB Arnold Moore | 0-0: Fly out, F8 (Line Drive, 8LD) Runner from 3rd tags up, SCORES, throw made | Pinch Hitting: SHB Luis López | 0-0: Called Strike Ernesto Hernández steals 3rd base 0-1: Ball 1-1: Called Strike 1-2: Strikes out swinging | Batting: LHB Pedro Díaz | 0-0: Ball 1-0: Swinging Strike 1-1: Called Strike 1-2: Strikes out swinging | Top of the 7th over - 1 run, 2 hits, 0 errors, 2 left on base; Scottsdale 6 - Montgomery 8 | BOTTOM OF THE 7TH |
---|
Montgomery Grey Sox batting - Pitching for Scottsdale Scorpions : RHP Julián García | Now in RF: Luis López | | Batting: LHB Amlak Saitoti | 0-0: Called Strike 0-1: Ball 1-1: Called Strike 1-2: Ball 2-2: Hit by Pitch | Batting: LHB Salvador López | 0-0: Called Strike 0-1: Bunt missed! 0-2: Ball 1-2: Foul Ball, location: 2F 1-2: Ball 2-2: Foul Ball, location: 2F 2-2: Ball 3-2: SINGLE (Flyball, 78M) Amlak Saitoti to second | Pitching: LHP Miguel Guerra | | Batting: RHB Mike Cleveland | 0-0: Ball 1-0: Bunted foul 1-1: Bunted foul 1-2: DOUBLE (Flyball, 78D) Amlak Saitoti scores Salvador López to third Runner from 3rd tries for Home, SAFE, no throw | Batting: RHB Pedro Castro | 0-0: Called Strike 0-1: Ball 1-1: Swinging Strike 1-2: Strikes out swinging | Batting: RHB Glen MacDonald | 0-0: Intentional Walk | Batting: LHB Aaron Thompson | 0-0: Ball 1-0: Ball 2-0: Fly out, F7 (Flyball, 7D) | Batting: RHB Bobby Hulsey | 0-0: Called Strike 0-1: Foul Ball, location: 2F 0-2: Ball Wild Pitch! Mike Cleveland to third Glen MacDonald to second 1-2: Foul Ball, location: 2F 1-2: Ball 2-2: Ground out 6-3 (Groundball, 6) | Bottom of the 7th over - 2 runs, 2 hits, 0 errors, 2 left on base; Scottsdale 6 - Montgomery 10 | TOP OF THE 8TH |
---|
Scottsdale Scorpions batting - Pitching for Montgomery Grey Sox : RHP Jorge Cherena | Batting: LHB Clayton Bailey | 0-0: Ball 1-0: Ball 2-0: Ball 3-0: Base on Balls | Batting: RHB José Méndez | 0-0: Ball 1-0: Ball 2-0: Ball 3-0: Base on Balls Clayton Bailey to second | Batting: RHB Ronald Smith | 0-0: Ball 1-0: Ball 2-0: Called Strike 2-1: Fly out, F8 (Flyball, 8RD) | Batting: LHB Tony Ayala | 0-0: Ball 1-0: Swinging Strike 1-1: Called Strike 1-2: Strikes out swinging | Batting: LHB Ernesto Hernández | 0-0: Ball 1-0: Ball 2-0: Called Strike 2-1: Foul Ball, location: 2F 2-2: Foul Ball, location: 2F 2-2: Ball 3-2: Base on Balls Clayton Bailey to third José Méndez to second | Batting: RHB Steve Boyer | 0-0: Foul Ball, location: 2F 0-1: Foul Ball, location: 2F 0-2: Foul Ball, location: 2F 0-2: Strikes out swinging | Top of the 8th over - 0 runs, 0 hits, 0 errors, 3 left on base; Scottsdale 6 - Montgomery 10 | BOTTOM OF THE 8TH |
---|
Montgomery Grey Sox batting - Pitching for Scottsdale Scorpions : LHP Miguel Guerra | Batting: LHB Francisco Romo | 0-0: Called Strike 0-1: Swinging Strike 0-2: Ball 1-2: Strikes out swinging | Batting: RHB António Nevárez | 0-0: Fly out, F9 (Flyball, 9) | Batting: LHB Amlak Saitoti | 0-0: Called Strike 0-1: Ball 1-1: Swinging Strike 1-2: Hit by Pitch | Batting: LHB Salvador López | 0-0: Called Strike 0-1: Called Strike Pickoff Throw to First - Out! | Bottom of the 8th over - 0 runs, 0 hits, 0 errors, 0 left on base; Scottsdale 6 - Montgomery 10 | TOP OF THE 9TH |
---|
Scottsdale Scorpions batting - Pitching for Montgomery Grey Sox : RHP Jorge Cherena | Batting: SHB Arnold Moore | 0-0: Ball 1-0: Ground out 4-3 (Groundball, 4) | Batting: SHB Luis López | 0-0: Swinging Strike 0-1: Foul Ball, location: 2F 0-2: Ball 1-2: Strikes out swinging | Batting: LHB Pedro Díaz | 0-0: Ball 1-0: Ground out 4-3 (Groundball, 34D) | Top of the 9th over - 0 runs, 0 hits, 0 errors, 0 left on base; Scottsdale 6 - Montgomery 10 | |